 Dungeon Crawl Stone Soup version 0.17-a0-1997-ga88ed7d (webtiles) character file.

2282 Ordine the Fighter (level 9, 0/68 HPs)
             Began as an Octopode Fighter on Oct 8, 2015.
             Was a Follower of Dithmenos.
             Slain by a wight
             ... wielding a +1 spear
              (7 damage)
             ... on level 7 of the Dungeon.
             The game lasted 00:18:31 (7935 turns).

Ordine the Fighter (Octopode Fighter)               Turns: 7935, Time: 00:18:31

Health: 0/68       AC:  1    Str: 15    XL:     9   Next: 39%
Magic:  9/9        EV: 10    Int: 10    God:    Dithmenos [*.....]
Gold:   132        SH:  9    Dex: 15    Spells: 0 memorised, 8 levels left

rFire  . . .     SeeInvis +     y - +4 falchion (vamp)
rCold  . . .     Clarity  .     b - +1 shield
rNeg   . . .     SustAt   .     (helmet restricted)
rPois  .         Gourm    .     (no amulet)
rElec  .         Spirit   .     s - ring of see invisible
rCorr  .         Warding  .     n - ring of protection from magic
rMut   .         Stasis   .     (no ring)
MR     +....                    (no ring)
Stlth  ++........               (no ring)
                                (no ring)
                                (no ring)
                                (no ring)

@: silence (expiring), very slightly contaminated, wreathed by umbra, drained,
somewhat resistant to hostile enchantments, unstealthy
A: almost no armour, amphibious, 8 rings, constrict 8, camouflage 1, gelatinous
body 1
a: Renounce Religion


You were on level 7 of the Dungeon.
You worshipped Dithmenos.
Dithmenos was aware of your devotion.
You were not hungry.

You visited 2 branches of the dungeon, and saw 8 of its levels.

You collected 294 gold pieces.
You spent 162 gold pieces at shops.

Inventory:

Hand Weapons
 y - a +4 vampiric falchion (weapon)
Missiles
 e - 149 stones (quivered)
 l - 2 poisoned tomahawks
 q - 6 poisoned needles
 r - 17 tomahawks
 t - 2 javelins
 w - a throwing net
 x - 3 curare-tipped needles
Armour
 b - a +1 shield (worn)
Jewellery
 n - a ring of protection from magic (right tentacle)
 s - a ring of see invisible (left tentacle)
Wands
 v - a wand of lightning (11)
 A - a wand of lightning (5)
Scrolls
 a - a scroll of teleportation
 k - 2 scrolls of enchant weapon
 B - 4 scrolls of identify
Potions
 c - a potion of might
 f - a potion of resistance
 g - 2 potions of agility
 h - 2 potions of flight
 i - 2 potions of brilliance
 m - 3 potions of magic
 o - 3 potions of curing
 p - a potion of haste
 u - a potion of ambrosia
Books
 C - Sif Muna's Guide on Snow
   (You found it on level 6 of the Dungeon)

   Spells                             Type                      Level
   a - Freeze                         Ice                          1
Comestibles
 d - 3 bread rations
 j - a beef jerky
 z - a meat ration


   Skills:
 + Level 9.1(8.7) Fighting
 + Level 9.0(8.7) Long Blades
 - Level 3.0(2.6) Dodging
 - Level 3.0(2.6) Shields


You had 8 spell levels left.
You didn't know any spells.

Dungeon Overview and Level Annotations

Branches:
Dungeon (7/15)             Temple (1/1) D:6

Altars:
Ashenzari
Cheibriados
Dithmenos
Elyvilon
Fedhas
Gozag
Kikubaaqudgha
Makhleb
Nemelex Xobeh
Okawaru
Qazlal
Ru
Sif Muna
Trog
Vehumet
Xom
Yredelemnul
Zin
The Shining One

Shops:
D:6 ?


Innate Abilities, Weirdness & Mutations

You cannot wear most types of armour.
You are amphibious.
You can wear up to eight rings at the same time.
You can use your tentacles to constrict eight enemies at once.
Your skin changes colour to match your surroundings (Stealth).
Your rubbery body absorbs attacks (AC +1).


Message History

You block the orc's attack.
You barely miss the wight. You grab the wight. You squeeze the wight.
The wight is lightly damaged.
You constrict the wight, but do no damage.
You block the iguana's attack. You block the wight's attack.
You hit the wight.
You squeeze the wight, but do no damage.
The wight is moderately damaged.
You constrict the wight. The orc hits you with a club.
The iguana closely misses you.
The wight hits you with an enchanted spear.
You hit the wight.
You squeeze the wight, but do no damage.
The wight is severely damaged.
You constrict the wight. The orc hits you with a club.
* * * LOW HITPOINT WARNING * * *
The iguana bites you!
* * * LOW HITPOINT WARNING * * *
The wight hits you with an enchanted spear!
You die...

#.... ##.## ##.## .# #
# #..# ...#. ##
###.####.>##
.....####.
............ .........
###.......##
......zo## #####.#.##
.#. #@.## ####......
...>##l<# ###.........
#..###)###...##.#....
##...................
.#....................
......................
................##....
#..............).#####
#..................#


You could see an iguana, a wight and an orc.

Vanquished Creatures
  The ghost of blinkfrog the Chopper, a novice FoEE of Cheibriados (D:7)
  A hippogriff (D:7)
  Eustachio (D:5)
  An ogre (D:4)
  2 phantoms
  A gnoll sergeant (D:6)
  Blork the orc (D:5)
  A big kobold (D:7)
  A scorpion (D:5)
  6 wights
  A centaur zombie (D:6)
  A jelly (D:7)
  A hound (D:4)
  2 giant frog skeletons
  3 orc priests
  4 crimson imps
  An iguana (D:4)
  2 orc wizards (D:6)
  3 worker ants
  A hound skeleton (D:6)
  11 gnolls
  3 shadow imps (D:5)
  6 adders
  An adder skeleton (D:4)
  An ooze (D:2)
  3 worms
  2 giant geckos
  17 orcs
  2 ball pythons
  8 giant cockroaches
  7 goblins
  12 hobgoblins
  2 jackals (D:1)
  4 quokkas
  5 bats
  A giant cockroach zombie (D:5)
  A giant gecko skeleton (D:5)
  5 giant newts
  14 kobolds
  3 rats
143 creatures vanquished.

Notes
Turn   | Place    | Note
--------------------------------------------------------------
     0 | D:1      | Ordine the Octopode Fighter began the quest for the Orb.
     0 | D:1      | Reached XP level 1. HP: 16/16 MP: 1/1
    53 | D:1      | Reached XP level 2. HP: 19/21 MP: 2/2
   404 | D:1      | Reached XP level 3. HP: 23/26 MP: 3/3
  1263 | D:2      | Reached XP level 4. HP: 12/33 MP: 4/4
  1264 | D:2      | Reached skill level 4 in Fighting
  1771 | D:2      | Reached XP level 5. HP: 33/37 MP: 5/5
  3834 | D:4      | Found a stormy altar of Qazlal.
  3844 | D:4      | Reached XP level 6. HP: 35/45 MP: 6/6
  3974 | D:4      | Reached skill level 5 in Fighting
  4500 | D:4      | Reached skill level 5 in Long Blades
  4703 | D:4      | Noticed an ogre
  4714 | D:4      | Killed an ogre
  4953 | D:5      | Entered Level 5 of the Dungeon
  4961 | D:5      | Reached XP level 7. HP: 49/51 MP: 7/7
  4975 | D:5      | Noticed Eustachio
  4983 | D:5      | Killed Eustachio
  4983 | D:5      | Reached skill level 6 in Fighting
  5136 | D:5      | Noticed Blork the orc
  5145 | D:5      | Killed Blork the orc
  5220 | D:5      | Found a sparkling altar of Nemelex Xobeh.
  5459 | D:5      | Reached XP level 8. HP: 36/58 MP: 8/8
  5772 | D:6      | Reached skill level 7 in Fighting
  5804 | D:6      | Found a snail-covered altar of Cheibriados.
  5804 | D:6      | Found an ancient bone altar of Kikubaaqudgha.
  5805 | D:6      | Found a blossoming altar of Fedhas.
  5817 | D:6      | Found a staircase to the Ecumenical Temple.
  5893 | Temple   | Entered the Ecumenical Temple
  5907 | Temple   | Became a worshipper of Dithmenos the Shadowed
  6060 | D:6      | Found Widunkad's Magic Scroll Shop.
  6068 | D:6      | Bought a scroll of identify for 24 gold pieces
  6068 | D:6      | Bought a scroll of identify for 24 gold pieces
  6068 | D:6      | Bought a scroll of identify for 24 gold pieces
  6068 | D:6      | Bought a scroll of enchant weapon for 90 gold pieces
  6070 | D:6      | Found a deep blue altar of Sif Muna.
  6091 | D:6      | Identified Sif Muna's Guide on Snow
  6491 | D:6      | Found a basalt altar of Yredelemnul.
  6634 | D:6      | HP: 2/61 [wight/spear (10)]
  7156 | D:6      | Reached skill level 8 in Fighting
  7159 | D:6      | HP: 1/61 [wight/spear (10)]
  7586 | D:7      | Noticed blinkfrog's ghost (novice FoEE)
  7596 | D:7      | Killed blinkfrog's ghost
  7596 | D:7      | Reached XP level 9. HP: 16/67 MP: 9/9
  7909 | D:7      | Reached skill level 9 in Fighting
  7935 | D:7      | Slain by a wight

Vault maps used:
D:1:      evilmike_arrival_run_for_it
D:2:      kennysheep_another_room, minmay_item_behind_shaft
D:4:      grunt_qazlal_clouds, first_bread
D:5:      nemelex_xobeh_ov_fountains_minmay, uniq_blork_the_orc, uniq_eustachio
D:6:      kennysheep_little_box, led_sif_book,
          gammafunk_temple_overflow_forgotten, minmay_temple_entry_purple_smoke,
          serial_shops, shop
D:7:      the_bakery
Temple:   zaba_magenta_temple_12

Action                   |  1- 3 |  4- 6 |  7- 9 || total
-------------------------+-------+-------+-------++-------
Melee: Long sword        |    66 |   111 |     6 ||   183
       Falchion          |       |       |   174 ||   174
Throw: Stone             |       |     5 |     2 ||     7
       Throwing net      |       |     2 |     2 ||     4
  Use: Scroll            |       |    13 |    10 ||    23
       Potion            |       |       |     4 ||     4
 Stab: Sleeping          |     4 |     6 |     4 ||    14
       Held in net/web   |       |       |     2 ||     2
  Eat: Chunk             |       |    13 |     5 ||    18
       Bread ration      |       |       |     2 ||     2
       Fruit             |       |       |     2 ||     2
